 Dungeon Crawl Stone Soup version 0.30-a0-777-ga9a30cbeda (webtiles) character file.

Game seed: 9597605963016204661

30 Esekla the Sneak (level 3, 0/26 HPs)
             Began as an Octopode Delver on Feb 15, 2023.
             Was an Initiate of Gozag.
             Slain by a river rat (8 damage)
             ... in a sewer.
             The game lasted 00:05:50 (524 turns).

Esekla the Sneak (Octopode Delver)                   Turns: 524, Time: 00:05:51

Health: 0/26       AC:  1    Str: 11    XL:     3   Next: 18%
Magic:  3/3        EV: 13    Int: 14    God:    Gozag
Gold:   94         SH:  0    Dex: 13    Spells: 3/3 levels left

rFire   . . .      SeeInvis .    a - +0 falchion
rCold   . . .      Faith    .    (no shield)
rNeg    . . .      Spirit   .    (helmet restricted)
rPois   .          Reflect  .    (no amulet)
rElec   .          Harm     .    (no ring)
rCorr   .          Rampage  .    (no ring)
Will    .....                    (no ring)
Stlth   ++++++                   (no ring)
HPRegen 0.24/turn                (no ring)
MPRegen 0.08/turn                (no ring)
                                 (no ring)
                                 (no ring)

@: no status effects
A: almost no armour, amphibious, 8 rings, camouflage 1, gelatinous body 1,
nimble swimmer 1, tentacles
a: Renounce Religion, Potion Petition, Call Merchant, Bribe Branch


You were in a sewer.
You worshipped Gozag.
Gozag was noncommittal.
You visited 1 branch of the dungeon, and saw 3 of its levels.
You also visited: Sewer.

You collected 121 gold pieces.
You paid 27 gold pieces to Gozag.

Inventory:

Hand Weapons
 a - a +0 falchion (weapon)
 s - a +0 dagger
Wands
 f - a wand of digging (3)
Scrolls
 b - a scroll of fog
 d - a scroll of fear
 h - a scroll of magic mapping
Potions
 c - a potion of flight {unknown}
 e - a potion of haste
 g - a potion of curing {unknown}


   Skills:
 * Level 3.1 Fighting
 * Level 2.0 Long Blades
 * Level 2.0 Dodging
 + Level 7.6 Stealth
 * Level 0.5 Spellcasting


You had 3 spell levels left.
You didn't know any spells.
Your spell library was empty.

Dungeon Overview and Level Annotations

Branches:
Dungeon (5/15)              Sewer (1/1)
 Temple: D:4-7

Altars:
Gozag
Nemelex Xobeh

Annotations:
D:3 Natasha


Innate Abilities, Weirdness & Mutations

You cannot wear most types of armour.
You are amphibious.
You can wear up to eight rings at the same time.
Your skin changes colour to match your surroundings (Stealth+).
Your rubbery body absorbs attacks. (AC +1, EV +1)
You are camouflaged when in or above water. (Stealth+)
You have tentacles for arms and can constrict up to eight enemies at once.


Message History

You now have 88 gold pieces (gained 5).
You see here 7 stones.
The ball python hisses angrily.
The ball python closely misses you. The ball python barely misses you.
You hit the ball python.
You kill the ball python!
You now have 94 gold pieces (gained 6).
You hear the slow rusting of a drain very nearby.
You see here 7 stones.
You enter the shallow water.
There is a glowing drain here.
The world spins around you as you enter the gateway.
You enter a sewer!
Found a gate leading back out of this place.
There is an empty arch of ancient stone here.
You enter the shallow water.
s - a +0 dagger (weapon)
You enter the deep water.
A rat comes into view.
A river rat comes into view.
The helpless rat fails to defend itself.
You impale the rat!!
You kill the rat!
You enter the deep water.
a - a +0 falchion (weapon)
Okay, then.
Okay, then.
You start waiting.
A river rat is nearby!
You hit the river rat. You grab the river rat.
You squeeze the river rat, but do no damage.
The river rat is moderately wounded.
You constrict the river rat, but do no damage.
The river rat bites you! x2
You hit the river rat but do no damage.
The river rat is moderately wounded.
You constrict the river rat, but do no damage.
The river rat bites you!
You die...
Your body crumbles into a pile of gold.

#~~~~~~#
#≈≈≈~~≈#
#≈≈~≈≈≈#
#≈≈~~≈≈#
#≈~~≈≈≈#
#≈≈~≈~≈#
#≈~≈~≈≈#
#≈≈~~.≈#
#≈~≈@≈≈#
#≈.~#r≈#
#≈~~≈≈≈#
#≈≈~≈≈≈#
#≈~~≈≈≈#
#≈~~~≈≈#
#≈≈~≈≈≈#
##.....#
#.....$#


You could see a river rat.

Vanquished Creatures
  An adder (D:3)
  A worm (D:3)
  2 dart slugs
  An orc (D:5)
  A bat (D:3)
  An endoplasm (D:4)
  A kobold (D:3)
  A quokka (D:3)
  2 ball pythons (D:3)
  A frilled lizard (D:3)
  2 rats
14 creatures vanquished.

Vanquished Creatures (others)
  An orc (D:5)
1 creature vanquished.

Grand Total: 15 creatures vanquished

Notes
Turn   | Place    | Note
-------+----------+-------------------------------------------
     0 | D:5      | Esekla the Octopode Delver began the quest for the Orb.
     0 | D:5      | Reached XP level 1. HP: 16/16 MP: 1/1
   150 | D:5      | Found a sparkling altar of Nemelex Xobeh.
   150 | D:5      | Found an opulent altar of Gozag.
   156 | D:5      | Became a worshipper of Gozag Ym Sagoz the Greedy
   223 | D:4      | Noticed a hound
   274 | D:3      | Noticed Natasha
   282 | D:3      | Reached XP level 2. HP: 21/21 MP: 2/2
   369 | D:3      | Reached skill level 7 in Stealth
   420 | D:3      | Found a glowing drain.
   438 | D:3      | Reached XP level 3. HP: 26/26 MP: 3/3
   489 | Sewer    | Entered a sewer
   524 | Sewer    | Slain by a river rat

Illustrated notes

Levels and vault maps discovered:
D:3:      cheibrodos_old_hovel, layout_loops_ring, lemuel_blue_sif_altar,
          nicolae_hepliaklqana_monster_ancestors, serial_co_window_serial,
          co_window_paths_a, co_window_of_opportunity_a,
          co_window_of_opportunity_a, co_window_corner_a, co_window_corner_a,
          co_window_corner_b, co_window_unsneaky_path_d, co_window_corner_cb,
          co_window_paths_c, co_window_corner_b, co_window_paths_e,
          cheibrodos_sewer_entry_bend, uniq_natasha
D:4:      layout_basic, minmay_temple_entry_stoned_glass, gammafunk_ghost_icy
D:5:      layout_basic, grunt_temple_overflow_opulence,
          gammafunk_ghost_necromancy, chequers_serial_rivers_room_b,
          st_stairs_5, lemuel_flamethrower_1, uniq_blork_the_orc, uniq_sigmund
Sewer:    sewer_minmay_w

Skill      XL: |  1  2 |
---------------+-------+-----
Stealth        | 7 |  7.6
Fighting       | |  3.1
Long Blades    | |  2.0
Dodging        | |  2.0
Spellcasting   | |  0.5

Action                     || total
---------------------------++-------
  Melee: Falchion          ||    13
         Dagger            ||    10
         Tentacles         ||     5
         Constrict         ||     4
         Punch             ||     1
    Use: Scroll            ||     1
   Stab: Sleeping          ||     9
         Distracted        ||     1
  Dodge: Dodged            ||     6

Table legend: (Time is in decaauts)
 A = Elapsed time spent in this place.
 B = Non-inter-level travel time spent in this place.
 C = Inter-level travel time spent in this place.
 D = Time resting spent in this place.
 E = Time spent auto-exploring this place.
 F = Levels seen in this place.
 G = Mean time per level.
                   A        B        C        D        E       F      G
               +--------+--------+--------+--------+--------+-----+--------+
         Total |    521 |    475 |     46 |     11 |     23 |   4 |  130.2 |
       Dungeon |    487 |    441 |     46 |      9 |     23 |   3 |  162.3 |
         Sewer |     33 |     33 |      0 |      2 |      0 |   1 |   33.0 |
               +--------+--------+--------+--------+--------+-----+--------+

Top non-repeatable levels by time:
     D:3: 215 daAuts
     D:5: 203 daAuts
     D:4: 69 daAuts
   Sewer: 33 daAuts
